Map: Protocolo central

Players

craftywellis - Winner!

  • Race: Protoss Protoss
  • League: Bronze

xXkazperXx

  • Race: Zerg Zerg

VOD

Have the link to the VOD?

Description

Time

  • Played on: March 8, 2016, 1:01 a.m.
  • Length: 7:23
Show
View Real Time Build Order
Export as new Build Order

craftywellis Protoss - Winner!

Build Orders:  

Get SALT Encoding   

  12  0:02  Probe (Chrono Boost)  
  13  0:13  Probe (Chrono Boost)  
  14  0:22  Pylon  
  14  0:27  Pylon  
  14  0:30  Probe (Chrono Boost)  
  15  0:45  Gateway  
  15  0:55  Gateway  
  15  0:58  Probe (Chrono Boost)  
  16  1:14  Assimilator  
  16  1:18  Pylon  
  16  1:27  Probe (Chrono Boost)  
  19  1:32  Zealot  
  19  1:39  Probe (Chrono Boost)  
  20  1:48  Cybernetics Core  
  20  1:50  Probe (Chrono Boost)  
  21  1:56  Pylon  
  23  2:01  Zealot x2  
  25  2:13  Gateway  
  25  2:19  Probe (Chrono Boost)  
  26  2:27  Warp Gate (Chrono Boost)  
  26  2:29  Probe (Chrono Boost)  
  27  2:33  Zealot  
  29  2:45  Stalker  
  30  3:01  Zealot  
  32  3:15  Zealot  
  34  3:21  Stalker  
  36  3:28  Stalker  
  38  3:40  Pylon  
  38  3:42  Zealot  
  40  3:51  Zealot  
  40  3:54  Pylon  
  42  3:58  Zealot  
  44  4:07  Assimilator  
  44  4:09  Zealot  
  46  4:18  Zealot  
  48  4:25  Zealot  
  48  4:29  Stargate  
  50  4:37  Stalker (Chrono Boost)  
  52  4:43  Pylon  
  52  4:48  Stalker (Chrono Boost)  
  52  4:52  Zealot (Chrono Boost)  
  56  5:03  Forge  
  56  5:14  Pylon  
  46  5:37  Void Ray  
  46  5:40  Zealot x3  
  56  5:52  Pylon  
  56  6:04  Probe  
  57  6:14  Zealot  
  57  6:16  Probe  
  54  6:28  Probe  
  51  6:34  Zealot x3  
  55  7:00  Stalker  
  61  7:03  Sentry  
Show
View Real Time Build Order
Export as new Build Order

xXkazperXx Zerg 

Build Orders: Pool First 

Get SALT Encoding   

  12  0:04  Drone  
  13  0:16  Drone  
  14  0:24  Overlord  
  14  0:30  Extractor  
  14  0:31  Drone  
  14  0:32  Overlord  
  14  0:53  Spawning Pool  
  13  1:05  Drone x3  
  16  1:22  Drone  
  17  1:40  Zergling x4  
  17  1:45  Roach Warren  
  18  1:47  Queen  
  20  1:59  Extractor  
  19  2:20  Drone x3  
  22  2:23  Lair  
  22  2:55  Roach x3  
  27  3:10  Hatchery  
  26  3:24  Roach  
  26  3:26  Overlord x2  
  28  3:46  Evolution Chamber  
  28  3:48  Pneumatized Carapace  
  27  3:56  Ravager x2  
  27  3:57  Ravager  
  27  3:59  Zergling x6  
  33  4:17  Drone  
  34  4:31  Drone  
  34  4:34  Drone  
  34  4:35  Drone  
  37  4:39  Metabolic Boost  
  37  4:46  Queen  
  30  5:27  Zergling x12  
  30  5:30  Roach x3  
  36  5:38  Hydralisk Den  
  35  5:48  Drone  
  36  6:09  Hydralisk x2  
  34  6:26  Hydralisk x2  
  18  6:56  Zergling x12  
  18  6:59  Zergling x2  
  18  7:00  Zergling x4  
  18  7:01  Zergling x2  
Tags
 
Add a new tag
Caveats
  • Supply blocks, unpowered buildings, or Contaminate may cause inaccurate times.
  • Supply counts are checked every 10 seconds.